 Dungeon Sprint DCSS version 0.21-a0-201-g8501b10 (webtiles) character file.

332 Kidiri the Thaumaturge (level 6, -1/37 HPs)
             Began as a Deep Elf Fire Elementalist on Aug 18, 2017.
             Was a Believer of Vehumet.
             Shot with an arrow by a centaur (11 damage)
             ... in the Dungeon (Sprint VII: "The Pits").
             The game lasted 00:02:08 (401 turns).

Kidiri the Thaumaturge (Deep Elf Fire Elementalist)  Turns: 401, Time: 00:02:08

Health: -1/37      AC:  2    Str:  5    XL:     6   Next: 26%
Magic:  6/20       EV: 16    Int: 22    God:    Vehumet [**....]
Gold:   0          SH:  0    Dex: 15    Spells: 5/23 levels left

rFire    . . .     SeeInvis .   j - +2 dagger
rCold    . . .     Gourm    .   (no shield)
rNeg     . . .     Faith    .   a - +0 robe
rPois    .         Spirit   .   (no helmet)
rElec    .         Reflect  .   (no cloak)
rCorr    .         Harm     .   (no gloves)
MR       .....     NoTele   +   (no boots)
Stlth    ++........             (no amulet)
HPRegen  0.12/turn              (no ring)
MPRegen  0.17/turn              (no ring)

@: no status effects
A: no striking features
a: Renounce Religion


You were in the Dungeon.
You worshipped Vehumet.
Vehumet was pleased with you.
You were not hungry.

You visited 1 branch

Inventory:

Hand Weapons
 j - a +2 dagger (weapon)
Armour
 a - a +0 robe (worn)
Scrolls
 i - a scroll of blinking
 l - 3 scrolls of remove curse
 m - 5 scrolls of amnesia
 n - a scroll of summoning
Potions
 d - 6 potions of curing
 e - 6 potions of heal wounds
 f - a potion of haste
 g - 4 potions of magic
 h - 3 potions of berserk rage
 k - 2 potions of invisibility
Books
 b - a book of Flames

   Spells                             Type                      Level
   a - Flame Tongue                   Conjuration/Fire             1
   b - Throw Flame                    Conjuration/Fire             2
   c - Conjure Flame                  Conjuration/Fire             3
   d - Inner Flame                    Hexes/Fire                   3
   e - Sticky Flame                   Conjuration/Fire             4
   f - Fireball                       Conjuration/Fire             5
Comestibles
 c - 8 bread rations
 o - 40 fruits
 p - 7 meat rations
 q - 4 chunks of flesh


   Skills:
 + Level 3.5 Fighting
 + Level 4.3 Short Blades
 + Level 3.6 Armour
 + Level 6.0 Dodging
 - Level 2.4 Stealth
 * Level 9.4 Spellcasting
 + Level 5.0 Conjurations
 + Level 6.3 Fire Magic


You had 5 spell levels left.
You knew the following spells:

 Your Spells              Type           Power        Failure   Level  Hunger
a - Flame Tongue          Conj/Fire      #####        1%          1    None
b - Throw Flame           Conj/Fire      #####.       1%          2    None
c - Conjure Flame         Conj/Fire      #####...     1%          3    None
d - Inner Flame           Hex/Fire       ###.....     5%          3    None
e - Sticky Flame          Conj/Fire      #####...     6%          4    ##.....
f - Fireball              Conj/Fire      #####.....   17%         5    ####...


Dungeon Overview and Level Annotations

Branches:
Dungeon (1/1)

Altars:
Ashenzari
Cheibriados
Dithmenos
Elyvilon
Fedhas
Gozag
Hepliaklqana
Kikubaaqudgha
Makhleb
Nemelex Xobeh
Okawaru
Qazlal
Ru
Sif Muna
Trog
Uskayaw
Vehumet
Wu Jian
Xom
Yredelemnul
Zin
The Shining One
Beogh
Jiyva
Lugonu


Message History

Increase (S)trength, (I)ntelligence, or (D)exterity?
You feel clever.
Unknown command.
The phantom blinks!
A floating eye comes into view.
The floating eye moves out of view.
The centaur wields a shortbow.
The centaur shoots an arrow.
The arrow hits you!
You see here an arrow.
The centaur shoots an arrow.
The arrow hits you.
The centaur shoots an arrow.
The arrow hits you!
You see here an arrow.
The centaur shoots an arrow.
The arrow hits you!
* * * LOW HITPOINT WARNING * * *
You see here an arrow.
Unknown command.
There is an open door here.
You close the door.
Something unseen opens the door.
The centaur shoots an arrow.
The arrow hits you!
You die...

############
#_________.#
#_________.#
#_______...###########++
##########+##...........
#.?(.+)))+.##......#..#.
##########.##...........
#.c....@....'...........
#'#####+#####......#..#.
#.#.....#..##...........
#.#.....#))#####+#####++
#(###+###))##.......#
#(#.....#))##.......#
#.#.....#[[##.......#
#(####+##+###...<...#
#.#........##.......#


You could see a centaur.

Vanquished Creatures
  A warg (D)
  2 floating eyes (D)
  An ooze (D)
  2 giant cockroaches (D)
  A hobgoblin (D)
  2 bats (D)
  A kobold (D)
10 creatures vanquished.

Notes
Turn   | Place    | Note
-------+----------+-------------------------------------------
     0 | D        | Kidiri the Deep Elf Fire Elementalist began the quest for the Orb.
     0 | D        | Reached XP level 1. HP: 10/10 MP: 6/6
    49 | D        | Found a bloodstained altar of Trog.
    49 | D        | Found a deep blue altar of Sif Muna.
    49 | D        | Found a viscous altar of Jiyva.
    49 | D        | Found a hazy altar of Hepliaklqana.
    49 | D        | Found an opulent altar of Gozag.
    50 | D        | Found a glowing golden altar of the Shining One.
    50 | D        | Found a glowing silver altar of Zin.
    50 | D        | Found a basalt altar of Yredelemnul.
    50 | D        | Found a shimmering altar of Xom.
    50 | D        | Found an ornate altar of the Wu Jian Council.
    50 | D        | Found a sacrificial altar of Ru.
    50 | D        | Found a stormy altar of Qazlal.
    50 | D        | Found an iron altar of Okawaru.
    50 | D        | Found a sparkling altar of Nemelex Xobeh.
    50 | D        | Found a burning altar of Makhleb.
    50 | D        | Found a blossoming altar of Fedhas.
    50 | D        | Found a white marble altar of Elyvilon.
    50 | D        | Found a shadowy altar of Dithmenos.
    50 | D        | Found a snail-covered altar of Cheibriados.
    52 | D        | Found a radiant altar of Vehumet.
    52 | D        | Found a corrupted altar of Lugonu.
    52 | D        | Found a roughly hewn altar of Beogh.
    53 | D        | Found a hide-covered altar of Uskayaw.
    53 | D        | Found an ancient bone altar of Kikubaaqudgha.
    53 | D        | Found a shattered altar of Ashenzari.
    62 | D        | Became a worshipper of Vehumet
    80 | D        | Noticed a floating eye
    84 | D        | Killed a floating eye
    84 | D        | Reached skill level 6 in Spellcasting
    84 | D        | Reached skill level 5 in Fire Magic
    84 | D        | Reached XP level 2. HP: 17/17 MP: 2/11
    84 | D        | Reached XP level 3. HP: 21/21 MP: 2/13
    84 | D        | Reached XP level 4. HP: 26/26 MP: 2/14
   178 | D        | Learned a level 2 spell: Throw Flame
   182 | D        | Learned a level 3 spell: Conjure Flame
   186 | D        | Learned a level 3 spell: Inner Flame
   191 | D        | Learned a level 4 spell: Sticky Flame
   192 | D        | Noticed a floating eye
   196 | D        | Killed a floating eye
   196 | D        | Reached * piety under Vehumet
   196 | D        | Offered knowledge of Sandblast by Vehumet.
   196 | D        | Reached skill level 5 in Dodging
   196 | D        | Reached skill level 8 in Spellcasting
   196 | D        | Reached XP level 5. HP: 32/32 MP: 10/17
   256 | D        | Reached ** piety under Vehumet
   340 | D        | Learned a level 5 spell: Fireball
   373 | D        | Noticed a warg
   375 | D        | Noticed a centaur
   382 | D        | Noticed a phantom
   385 | D        | Killed a warg
   385 | D        | Reached skill level 9 in Spellcasting
   385 | D        | Reached skill level 5 in Conjurations
   385 | D        | Reached XP level 6. HP: 37/37 MP: 3/20
   387 | D        | Noticed a floating eye
   401 | D        | Shot with an arrow by a centaur

Vault maps used:
D:        pitsprint

Skill      XL: |  1  2  3  4  5 |
---------------+----------------+-----
Fighting       | 2 3 |  3.5
Short Blades   | 2 3 4 |  4.3
Armour         | 2 3 |  3.6
Dodging        | 4 5 6 |  6.0
Spellcasting   | 6 8 9 |  9.4
Conjurations   | 3 4 5 |  5.0
Fire Magic     | 5 6 |  6.3
Stealth        | |  2.4

Action                   |  1- 3 |  4- 6 || total
-------------------------+-------+-------++-------
Melee: Dagger            |       |     2 ||     2
 Cast: Flame Tongue      |     4 |    14 ||    18
       Throw Flame       |       |     3 ||     3
       Inner Flame       |       |     2 ||     2
       Conjure Flame     |       |     1 ||     1
       Sticky Flame      |       |     1 ||     1
Dodge: Dodged            |     3 |     3 ||     6
